Kings vs Flyers
(R1)
Created - March 18, 2022 at 20:13
Goals
|
| Kings |
0 |
1 |
0 |
1 |
| Flyers |
1 |
1 |
1 |
3 |
|
Shots
|
| Kings |
7 |
12 |
7 |
26 |
| Flyers |
10 |
15 |
21 |
46 |
|
1st period
1. Flyers , Niclas Bergfors 9 (Drew Miller 12, Jeff Carter 13) at 9:04
Penalties :
Anze Kopitar (L.A) for Holding (Minor) at 14:25, Brock Nelson (Phi) for Hooking (Minor) at 16:42, Jacob Trouba (Phi) for Diving (Minor) at 19:54
2nd period
2. Kings , Mikko Rantanen 12 (Matt Martin 21, Seth Jones 30) at 0:34 (PP)
3. Flyers , Nathan Beaulieu 2 (Niclas Bergfors 12, Drew Miller 13) at 6:33 (PP)
Penalties :
Tom Wilson (L.A) for Interference (Minor) at 5:14, Tom Wilson (L.A) for Tripping (Minor) at 11:13, Andrei Vasilevskiy (L.A) for Delaying the game (Minor) at 19:43 - Derek Boogaard served the penalty
3rd period
4. Flyers , Niclas Bergfors 10 (Drew Miller 14, Jeff Carter 14) at 5:07
Penalties :
Jacob Trouba (Phi) for Hooking (Minor) at 11:22
Goalie Stats
Andrei Vasilevskiy (L.A), 43 saves from 46 shots - (0.935), L, 6-9-1, 60:00 minutes
Ilya Sorokin (Phi), 25 saves from 26 shots - (0.962), W, 8-7-5, 60:00 minutes
Players Stats for Kings
Player Name G A P +/- PIM S H SB GA TA FO MP PP MP PK MP
------------------------------------------------------------------------------------
Aaron Ekblad 0 0 0 -1 0 1 2 1 0 0 0/0 17:50 1:22 0:00
Anze Kopitar 0 0 0 -1 2 1 1 1 0 0 14/23 22:39 1:47 3:21
Byron Bitz 0 0 0 0 0 0 0 0 0 0 0/0 9:14 0:00 0:00
David Pastrnak 0 0 0 -1 0 2 0 0 3 0 2/2 17:41 2:51 0:00
Derek Boogaard 0 0 0 0 0 0 1 1 0 0 0/1 11:59 0:00 0:57
Eric Gryba 0 0 0 0 0 1 1 0 0 0 0/0 13:42 0:00 2:55
Gabriel Landeskog 0 0 0 -1 0 2 0 0 1 1 2/3 19:40 2:51 1:59
Jared Cowen 0 0 0 -1 0 0 3 1 1 0 0/0 25:12 0:00 4:21
John Carlson 0 0 0 -1 0 4 1 1 0 0 0/0 28:28 3:16 4:21
Luke Glendening 0 0 0 0 0 0 0 1 0 0 0/2 13:31 0:00 4:20
Matt Martin 0 1 1 -1 0 1 2 0 1 0 0/1 16:30 1:47 1:39
Mikko Rantanen 1 0 1 0 0 5 1 1 0 0 0/0 8:52 0:45 0:00
Nathan MacKinnon 0 0 0 0 0 4 1 1 0 0 4/11 14:52 2:51 0:48
Pavel Datsyuk 0 0 0 -1 0 0 0 0 0 0 1/12 13:17 0:04 0:25
Seth Jones 0 1 1 -1 0 1 1 1 0 0 0/0 22:19 3:16 2:55
Tom Wilson 0 0 0 -1 4 2 2 0 0 0 0/0 12:49 0:00 0:00
Will Butcher 0 0 0 0 0 0 0 0 1 0 0/0 12:29 1:22 0:00
William Karlsson 0 0 0 0 0 2 1 0 0 1 5/9 11:37 0:58 1:03
Players Stats for Flyers
Player Name G A P +/- PIM S H SB GA TA FO MP PP MP PK MP
------------------------------------------------------------------------------------
Brian Lashoff 0 0 0 1 0 1 2 0 1 0 0/0 12:12 0:00 1:30
Brock Nelson 0 0 0 0 2 1 1 0 0 0 0/0 7:56 0:00 0:16
Chris Mcallister 0 0 0 0 0 3 1 0 0 0 0/0 12:23 0:00 0:48
Drew Miller 0 3 3 2 0 4 1 0 0 0 0/1 17:01 3:32 0:00
J.T. Miller 0 0 0 0 0 2 3 1 0 3 4/7 22:09 3:44 2:47
Jacob Trouba 0 0 0 1 4 1 3 2 0 2 0/0 26:29 3:56 0:54
Jakub Voracek 0 0 0 0 0 6 1 0 0 0 1/1 20:23 3:40 1:09
Jeff Carter 0 2 2 2 0 4 1 1 0 0 10/15 18:25 3:32 1:09
Jeff Woywitka 0 0 0 1 0 1 3 2 0 0 0/0 27:51 3:56 2:24
Jonathan Ericsson 0 0 0 1 0 0 1 1 0 1 0/0 10:37 0:00 0:00
Jordan Nolan 0 0 0 0 0 4 2 1 0 0 16/29 22:03 3:40 3:07
Marcus Kruger 0 0 0 0 0 3 0 0 0 0 1/2 11:29 0:04 0:00
Matt Smaby 0 0 0 0 0 0 1 0 1 1 0/0 21:32 3:20 2:14
Matthew Lombardi 0 0 0 0 0 3 0 0 0 0 0/2 7:22 0:00 0:00
Nathan Beaulieu 1 0 1 0 0 2 1 1 0 0 0/0 21:32 3:20 2:14
Niclas Bergfors 2 1 3 2 0 6 0 0 0 0 1/2 17:01 3:32 0:00
Travis Zajac 0 0 0 0 0 5 1 0 0 0 3/5 11:32 0:04 0:00
Tyler Randell 0 0 0 0 0 0 2 0 0 0 0/0 7:22 0:00 0:00
3 Stars
1 - Niclas Bergfors (Phi)
2 - Drew Miller (Phi)
3 - Jeff Carter (Phi)
Power Play
Kings - 1 on 3 Attempt(s) - 33.33%
Flyers - 1 on 4 Attempt(s) - 25.00%
Penalty Kill
Kings - 3 on 4 Attempt(s) - 75.00%
- Score 0 goal in Penalty Kill
Flyers - 2 on 3 Attempt(s) - 66.67%
- Score 0 goal in Penalty Kill
Team Stat
Kings - Hits : 17 - Faceoff Wins : 28 - Blocked Shots : 9 - Penalty Minutes : 8
Flyers - Hits : 24 - Faceoff Wins : 36 - Blocked Shots : 9 - Penalty Minutes : 6
Official
Referees : Marc Joannette and Jon McIsaac
Linesman : Shandor Alphonso and Ryan Daisy
Game Notes
Mikko Rantanen is injured at 6:55 of 3rd period (Abdominal Strain)
Finance
Level 1 -- Attendance: 3903 (65.05%) -- Ticket Income $487,875
Level 2 -- Attendance: 3388 (67.76%) -- Ticket Income $254,100
Level 3 -- Attendance: 1327 (66.35%) -- Ticket Income $66,350
Level 4 -- Attendance: 2143 (53.58%) -- Ticket Income $85,720
Luxury Box -- Attendance: 724 (72.40%) -- Ticket Income $181,000
Game was played at the Wells Fargo Center.
Total Attendance: 11485 (63.81%)
Total Ticket Income: $1,075,045
Other Income: $161,257
Total Income: $1,236,302
Kings
5 vs 5 Forward
Center Left Wing Right Wing Time % Phy DF OF
1 Anze Kopitar Gabriel Landeskog David Pastrnak 40 0 2 3
2 Pavel Datsyuk Matt Martin Tom Wilson 25 0 2 3
3 Nathan MacKinnon Derek Boogaard Mikko Rantanen 20 0 2 3
4 William Karlsson Byron Bitz Luke Glendening 15 0 3 2
5 vs 5 Defense
Defense Defense Time % Phy DF OF
1 John Carlson Jared Cowen 40 0 2 3
2 Seth Jones Aaron Ekblad 30 0 2 3
3 Eric Gryba Will Butcher 20 0 2 3
4 John Carlson Jared Cowen 10 0 3 2
PowerPlay Forward
Center Left Wing Right Wing Time % Phy DF OF
1 Nathan MacKinnon Gabriel Landeskog David Pastrnak 60 0 1 4
2 Anze Kopitar Matt Martin Mikko Rantanen 40 0 1 4
PowerPlay Defense
Defense Defense Time % Phy DF OF
1 Seth Jones John Carlson 60 0 1 4
2 Aaron Ekblad Will Butcher 40 0 1 4
Penalty Kill 4 Players Forward
Center Wing Time % Phy DF OF
1 Anze Kopitar Luke Glendening 60 0 4 1
2 Gabriel Landeskog Matt Martin 40 0 4 1
Penalty Kill 4 Players Defense
Defense Defense Time % Phy DF OF
1 Jared Cowen John Carlson 60 1 4 0
2 Seth Jones Eric Gryba 40 1 4 0
Penalty Kill - 3 Players Forward
Forward Time % Phy DF OF
1 Luke Glendening 60 1 4 0
2 Anze Kopitar 40 1 4 0
Penalty Kill - 3 Players Defense
Defense Defense Time % Phy DF OF
1 John Carlson Jared Cowen 60 0 5 0
2 Seth Jones Eric Gryba 40 0 5 0
4 vs 4 Forward
Center Wing Time % Phy DF OF
1 Anze Kopitar David Pastrnak 60 0 2 3
2 Nathan MacKinnon Gabriel Landeskog 40 0 2 3
4 vs 4 Defense
Defense Defense Time % Phy DF OF
1 Jared Cowen Seth Jones 60 0 3 2
2 John Carlson Aaron Ekblad 40 0 3 2
Last Minutes Offensive
Center Left Wing Right Wing Defense Defense
Anze Kopitar Gabriel Landeskog David Pastrnak John Carlson Seth Jones
Last Minutes Defensive
Center Left Wing Right Wing Defense Defense
Anze Kopitar Gabriel Landeskog Luke Glendening Jared Cowen John Carlson
Goaltenders
Starting : Andrei Vasilevskiy
Backup : Cam Talbot
Extra Forwards
Normal : Anze Kopitar, Nathan MacKinnon, William Karlsson - PP : William Karlsson, Pavel Datsyuk - PK : William Karlsson
Extra Defensemen
Normal : Will Butcher, Aaron Ekblad, Jared Cowen - PP : Jared Cowen - PK : Aaron Ekblad, Will Butcher
Penalty Shots
Matt Martin, David Pastrnak, Mikko Rantanen, Anze Kopitar, Derek Boogaard
Scratches
Dan Hamhuis (Healthy), Darroll Powe (Healthy), Scott Mayfield (Healthy)
Flyers
5 vs 5 Forward
Center Left Wing Right Wing Time % Phy DF OF
1 Jordan Nolan J.T. Miller Jakub Voracek 40 1 2 2
2 Jeff Carter Drew Miller Niclas Bergfors 30 1 2 2
3 Travis Zajac Chris Mcallister Marcus Kruger 20 1 2 2
4 Matthew Lombardi Brock Nelson Tyler Randell 10 1 2 2
5 vs 5 Defense
Defense Defense Time % Phy DF OF
1 Jacob Trouba Jeff Woywitka 40 1 2 2
2 Matt Smaby Nathan Beaulieu 30 1 2 2
3 Jonathan Ericsson Brian Lashoff 20 1 2 2
4 Jacob Trouba Jeff Woywitka 10 1 2 2
PowerPlay Forward
Center Left Wing Right Wing Time % Phy DF OF
1 Jordan Nolan J.T. Miller Jakub Voracek 60 1 2 2
2 Jeff Carter Drew Miller Niclas Bergfors 40 1 2 2
PowerPlay Defense
Defense Defense Time % Phy DF OF
1 Jacob Trouba Jeff Woywitka 60 1 2 2
2 Matt Smaby Nathan Beaulieu 40 1 2 2
Penalty Kill 4 Players Forward
Center Wing Time % Phy DF OF
1 J.T. Miller Jordan Nolan 60 1 2 2
2 Jeff Carter Jakub Voracek 40 1 2 2
Penalty Kill 4 Players Defense
Defense Defense Time % Phy DF OF
1 Jacob Trouba Jeff Woywitka 60 1 2 2
2 Matt Smaby Nathan Beaulieu 40 1 2 2
Penalty Kill - 3 Players Forward
Forward Time % Phy DF OF
1 J.T. Miller 60 1 2 2
2 Jordan Nolan 40 1 2 2
Penalty Kill - 3 Players Defense
Defense Defense Time % Phy DF OF
1 Jacob Trouba Jeff Woywitka 60 1 2 2
2 Matt Smaby Nathan Beaulieu 40 1 2 2
4 vs 4 Forward
Center Wing Time % Phy DF OF
1 J.T. Miller Jordan Nolan 60 1 2 2
2 Jeff Carter Jakub Voracek 40 1 2 2
4 vs 4 Defense
Defense Defense Time % Phy DF OF
1 Jacob Trouba Jeff Woywitka 60 1 2 2
2 Matt Smaby Nathan Beaulieu 40 1 2 2
Last Minutes Offensive
Center Left Wing Right Wing Defense Defense
Jordan Nolan J.T. Miller Jakub Voracek Jacob Trouba Jeff Woywitka
Last Minutes Defensive
Center Left Wing Right Wing Defense Defense
Jordan Nolan J.T. Miller Jakub Voracek Jacob Trouba Jeff Woywitka
Goaltenders
Starting : Ilya Sorokin
Backup : Steve Mason
Extra Forwards
Normal : Travis Zajac, Marcus Kruger, Chris Mcallister - PP : Travis Zajac, Marcus Kruger - PK : Chris Mcallister
Extra Defensemen
Normal : Jonathan Ericsson, Brian Lashoff, Matt Smaby - PP : Jonathan Ericsson - PK : Brian Lashoff, Matt Smaby
Penalty Shots
J.T. Miller, Jordan Nolan, Jeff Carter, Jakub Voracek, Drew Miller
Scratches
Dylan Olsen (Healthy), Tomas Kubalik (Healthy)
% Time on Ice - Kings
Lines # - Real PCT - Wanted PCT - Time Play
Normal Forward
1 - 31% - 40% - 14:58
2 - 27% - 25% - 13:04
3 - 23% - 20% - 10:54
4 - 19% - 15% - 9:10
Normal Defense
1 - 40% - 40% - 19:27
2 - 35% - 30% - 16:39
3 - 22% - 20% - 10:36
4 - 3% - 10% - 1:24
PP Forward
1 - 62% - 60% - 2:51
2 - 38% - 40% - 1:47
PP Defense
1 - 71% - 60% - 3:16
2 - 29% - 40% - 1:22
PK Forward
1 - 77% - 60% - 5:37
2 - 23% - 40% - 1:39
PK Defense
1 - 60% - 60% - 4:21
2 - 40% - 40% - 2:55
PK3 Forward
1 - 0% - 60%
2 - 0% - 40%
PK3 Defense
1 - 0% - 60%
2 - 0% - 40%
44 Forward
1 - 0% - 60%
2 - 0% - 40%
44 Defense
1 - 0% - 60%
2 - 0% - 40%
Last Minute Offensive - 0:00
Last Minute Defensive - 0:00
Total
Forward - 60:00
Defense - 60:00
|
% Time on Ice - Flyers
Lines # - Real PCT - Wanted PCT - Time Play
Normal Forward
1 - 33% - 40% - 15:38
2 - 29% - 30% - 14:00
3 - 23% - 20% - 11:06
4 - 15% - 10% - 7:22
Normal Defense
1 - 41% - 40% - 19:33
2 - 33% - 30% - 15:58
3 - 22% - 20% - 10:37
4 - 4% - 10% - 1:58
PP Forward
1 - 51% - 60% - 3:44
2 - 49% - 40% - 3:32
PP Defense
1 - 54% - 60% - 3:56
2 - 46% - 40% - 3:20
PK Forward
1 - 75% - 60% - 3:29
2 - 25% - 40% - 1:09
PK Defense
1 - 52% - 60% - 2:24
2 - 48% - 40% - 2:14
PK3 Forward
1 - 0% - 60%
2 - 0% - 40%
PK3 Defense
1 - 0% - 60%
2 - 0% - 40%
44 Forward
1 - 0% - 60%
2 - 0% - 40%
44 Defense
1 - 0% - 60%
2 - 0% - 40%
Last Minute Offensive - 0:00
Last Minute Defensive - 0:00
Total
Forward - 60:00
Defense - 60:00
|
Play-by-Play
1st period
0:01 of 1st period - Jordan Nolan wins face-off versus Gabriel Landeskog in neutral zone.
0:04 of 1st period - John Carlson is hit by J.T. Miller and loses puck.
0:08 of 1st period - Icing by John Carlson.
0:09 of 1st period - Anze Kopitar wins face-off versus Jordan Nolan in Kings zone.
1:13 of 1st period - Gabriel Landeskog is hit by Jacob Trouba and loses puck.
2:14 of 1st period - Wrist shot by Jordan Nolan.
2:14 of 1st period - Deflect By Jakub Voracek.
2:14 of 1st period - Stopped by Andrei Vasilevskiy without a rebound.
2:15 of 1st period - Jeff Carter wins face-off versus Pavel Datsyuk in Kings zone.
2:40 of 1st period - Derek Boogaard is hit by Travis Zajac and loses puck.
2:47 of 1st period - Slapshot by Will Butcher.
2:47 of 1st period - Shot Misses the Net.
2:49 of 1st period - Slapshot by Eric Gryba.
2:49 of 1st period - Stopped by Ilya Sorokin without a rebound.
2:50 of 1st period - William Karlsson wins face-off versus Travis Zajac in Flyers zone.
3:15 of 1st period - Pavel Datsyuk is hit by Brian Lashoff and loses puck.
3:59 of 1st period - Nathan Beaulieu is hit by Aaron Ekblad and loses puck.
4:20 of 1st period - Aaron Ekblad is hit by Jonathan Ericsson and loses puck.
5:04 of 1st period - Jonathan Ericsson is hit by Matt Martin and loses puck.
5:13 of 1st period - Tom Wilson is hit by Nathan Beaulieu and loses puck.
6:16 of 1st period - Snap shot by Mikko Rantanen.
6:16 of 1st period - Stopped by Ilya Sorokin without a rebound.
6:17 of 1st period - Travis Zajac wins face-off versus William Karlsson in Flyers zone.
7:16 of 1st period - Matthew Lombardi is hit by Mikko Rantanen and loses puck.
8:15 of 1st period - Snap shot by Jakub Voracek.
8:15 of 1st period - Stopped by Andrei Vasilevskiy with a rebound.
8:25 of 1st period - Slapshot by Jakub Voracek.
8:25 of 1st period - Shot Misses the Net.
8:45 of 1st period - Snap shot by Matthew Lombardi.
8:45 of 1st period - Stopped by Andrei Vasilevskiy with a rebound.
8:47 of 1st period - Snap shot by Matthew Lombardi.
8:47 of 1st period - Stopped by Andrei Vasilevskiy with a rebound.
8:58 of 1st period - Off-side.
8:59 of 1st period - Jeff Carter wins face-off versus Anze Kopitar in neutral zone.
9:04 of 1st period - Slapshot by Niclas Bergfors.
9:04 of 1st period - Goal by Niclas Bergfors - Kings : 0 - Flyers : 1.
9:05 of 1st period - Anze Kopitar wins face-off versus Jeff Carter in neutral zone.
9:08 of 1st period - Snap shot by Anze Kopitar.
9:08 of 1st period - Deflect By Gabriel Landeskog.
9:08 of 1st period - Shot Blocked by Jeff Carter.
9:08 of 1st period - Puck is out of play.
9:09 of 1st period - Anze Kopitar wins face-off versus Drew Miller in Flyers zone.
9:12 of 1st period - Snap shot by David Pastrnak.
9:12 of 1st period - Shot Misses the Net.
9:18 of 1st period - Snap shot by David Pastrnak.
9:18 of 1st period - Shot Misses the Net.
9:20 of 1st period - Slapshot by John Carlson.
9:20 of 1st period - Shot Blocked by Jacob Trouba.
9:22 of 1st period - Snap shot by Gabriel Landeskog.
9:22 of 1st period - Shot Misses the Net.
9:46 of 1st period - Wrist shot by Matt Martin.
9:46 of 1st period - Deflect By Tom Wilson.
9:46 of 1st period - Stopped by Ilya Sorokin without a rebound.
9:47 of 1st period - Anze Kopitar wins face-off versus Marcus Kruger in Flyers zone.
9:52 of 1st period - Snap shot by David Pastrnak.
9:52 of 1st period - Shot Misses the Net.
10:00 of 1st period - Snap shot by Travis Zajac.
10:00 of 1st period - Shot Misses the Net.
10:02 of 1st period - Wrist shot by Chris Mcallister.
10:02 of 1st period - Shot Misses the Net.
10:04 of 1st period - Snap shot by Chris Mcallister.
10:04 of 1st period - Shot Misses the Net.
10:25 of 1st period - Backhand shot by Seth Jones.
10:25 of 1st period - Deflect By Tom Wilson.
10:25 of 1st period - Stopped by Ilya Sorokin with a rebound.
11:04 of 1st period - Matthew Lombardi is hit by William Karlsson and loses puck.
11:37 of 1st period - Icing by Tom Wilson.
11:38 of 1st period - Jordan Nolan wins face-off versus Pavel Datsyuk in Kings zone.
11:55 of 1st period - Slapshot by Jordan Nolan.
11:55 of 1st period - Stopped by Andrei Vasilevskiy without a rebound.
11:56 of 1st period - Anze Kopitar wins face-off versus Jeff Carter in Kings zone.
12:04 of 1st period - Icing by Gabriel Landeskog.
12:05 of 1st period - Gabriel Landeskog wins face-off versus Jeff Carter in Kings zone.
12:35 of 1st period - Slapshot by Drew Miller.
12:35 of 1st period - Stopped by Andrei Vasilevskiy with a rebound.
12:37 of 1st period - Snap shot by Jeff Carter.
12:37 of 1st period - Shot Misses the Net.
12:39 of 1st period - Wrist shot by Drew Miller.
12:39 of 1st period - Shot Hit the Post.
12:41 of 1st period - Slapshot by Jeff Carter.
12:41 of 1st period - Deflect By Anze Kopitar.
12:41 of 1st period - Shot Misses the Net.
12:41 of 1st period - Puck is out of play.
12:42 of 1st period - Jordan Nolan wins face-off versus Nathan MacKinnon in Kings zone.
12:45 of 1st period - Wrist shot by J.T. Miller.
12:45 of 1st period - Stopped by Andrei Vasilevskiy with a rebound.
13:28 of 1st period - Matthew Lombardi is hit by Jared Cowen and loses puck.
13:45 of 1st period - Luke Glendening is hit by Tyler Randell.
14:01 of 1st period - Snap shot by David Pastrnak.
14:01 of 1st period - Stopped by Ilya Sorokin without a rebound.
14:02 of 1st period - Jordan Nolan wins face-off versus Anze Kopitar in Flyers zone.
14:25 of 1st period - Minor Penalty to Anze Kopitar for Holding.
14:26 of 1st period - William Karlsson wins face-off versus Jordan Nolan in Kings zone.
14:39 of 1st period - Snap shot by J.T. Miller.
14:39 of 1st period - Shot Misses the Net.
16:25 of 1st period - Penalty to Anze Kopitar is over, Anze Kopitar is back on ice.
16:42 of 1st period - Minor Penalty to Brock Nelson for Hooking.
16:43 of 1st period - David Pastrnak wins face-off versus J.T. Miller in Flyers zone.
17:07 of 1st period - Jordan Nolan is hit by Nathan MacKinnon and loses puck.
17:24 of 1st period - Slapshot by Jeff Carter.
17:24 of 1st period - Stopped by Andrei Vasilevskiy without a rebound.
17:25 of 1st period - Jeff Carter wins face-off versus Nathan MacKinnon in Kings zone.
17:59 of 1st period - Wrist shot by Gabriel Landeskog.
17:59 of 1st period - Stopped by Ilya Sorokin with a rebound.
18:03 of 1st period - Snap shot by Gabriel Landeskog.
18:03 of 1st period - Shot Blocked by Jordan Nolan.
18:05 of 1st period - Wrist shot by Nathan MacKinnon.
18:05 of 1st period - Shot Misses the Net.
18:07 of 1st period - Slapshot by John Carlson.
18:07 of 1st period - Shot Blocked by Jeff Woywitka.
18:30 of 1st period - Snap shot by Seth Jones.
18:30 of 1st period - Deflect By David Pastrnak.
18:30 of 1st period - Shot Misses the Net.
18:30 of 1st period - Puck is out of play.
18:31 of 1st period - J.T. Miller wins face-off versus Anze Kopitar in Flyers zone.
18:39 of 1st period - Icing by Aaron Ekblad.
18:40 of 1st period - Anze Kopitar wins face-off versus J.T. Miller in Kings zone.
18:42 of 1st period - Penalty to Brock Nelson is over, Brock Nelson is back on ice.
18:57 of 1st period - Snap shot by J.T. Miller.
18:57 of 1st period - Stopped by Andrei Vasilevskiy without a rebound.
18:58 of 1st period - William Karlsson wins face-off versus Jeff Carter in Kings zone.
19:07 of 1st period - Slapshot by John Carlson.
19:07 of 1st period - Shot Blocked by Jeff Woywitka.
19:09 of 1st period - Slapshot by Byron Bitz.
19:09 of 1st period - Deflect By William Karlsson.
19:09 of 1st period - Stopped by Ilya Sorokin with a rebound.
19:23 of 1st period - Matt Martin is hit by Jordan Nolan and loses puck.
19:29 of 1st period - John Carlson is hit by Jeff Woywitka and loses puck.
19:54 of 1st period - Minor Penalty to Jacob Trouba for Diving.
19:55 of 1st period - J.T. Miller wins face-off versus Nathan MacKinnon in Flyers zone.
Goals for this period are 0 for Kings vs 1 for Flyers.
Shots for this period are 7 for Kings vs 10 for Flyers.
2nd period
0:01 of 2nd period - J.T. Miller wins face-off versus Nathan MacKinnon in neutral zone.
0:34 of 2nd period - Snap shot by Mikko Rantanen.
0:34 of 2nd period - Goal by Mikko Rantanen - Kings : 1 - Flyers : 1.
0:35 of 2nd period - Anze Kopitar wins face-off versus Jordan Nolan in neutral zone.
0:38 of 2nd period - Slapshot by John Carlson.
0:38 of 2nd period - Deflect By David Pastrnak.
0:38 of 2nd period - Shot Misses the Net.
0:38 of 2nd period - Puck is out of play.
0:39 of 2nd period - J.T. Miller wins face-off versus Anze Kopitar in Flyers zone.
1:08 of 2nd period - Wrist shot by Mikko Rantanen.
1:08 of 2nd period - Stopped by Ilya Sorokin with a rebound.
1:10 of 2nd period - Snap shot by Nathan MacKinnon.
1:10 of 2nd period - Stopped by Ilya Sorokin with a rebound.
1:12 of 2nd period - Slapshot by Mikko Rantanen.
1:12 of 2nd period - Stopped by Ilya Sorokin with a rebound.
1:14 of 2nd period - Slapshot by John Carlson.
1:14 of 2nd period - Deflect By Niclas Bergfors.
1:14 of 2nd period - Stopped by Ilya Sorokin with a rebound.
2:38 of 2nd period - Slapshot by Nathan Beaulieu.
2:38 of 2nd period - Stopped by Andrei Vasilevskiy without a rebound.
2:39 of 2nd period - Jeff Carter wins face-off versus Derek Boogaard in Kings zone.
2:42 of 2nd period - Snap shot by Niclas Bergfors.
2:42 of 2nd period - Stopped by Andrei Vasilevskiy with a rebound.
3:11 of 2nd period - Jordan Nolan is hit by Aaron Ekblad and loses puck.
3:30 of 2nd period - Matt Smaby is hit by Seth Jones and loses puck.
4:12 of 2nd period - Wrist shot by David Pastrnak.
4:12 of 2nd period - Shot Misses the Net.
4:18 of 2nd period - Eric Gryba is hit by Matt Smaby and loses puck.
4:53 of 2nd period - Snap shot by Jakub Voracek.
4:53 of 2nd period - Stopped by Andrei Vasilevskiy with a rebound.
5:03 of 2nd period - Slapshot by Seth Jones.
5:03 of 2nd period - Shot Misses the Net.
5:14 of 2nd period - Minor Penalty to Tom Wilson for Interference.
5:15 of 2nd period - Anze Kopitar wins face-off versus J.T. Miller in Kings zone.
6:16 of 2nd period - Snap shot by Niclas Bergfors.
6:16 of 2nd period - Shot Blocked by Luke Glendening.
6:31 of 2nd period - Snap shot by Niclas Bergfors.
6:31 of 2nd period - Stopped by Andrei Vasilevskiy with a rebound.
6:33 of 2nd period - Slapshot by Nathan Beaulieu.
6:33 of 2nd period - Goal by Nathan Beaulieu - Kings : 1 - Flyers : 2.
6:34 of 2nd period - Jordan Nolan wins face-off versus Pavel Datsyuk in neutral zone.
6:37 of 2nd period - Tom Wilson is hit by Jeff Woywitka and loses puck.
6:50 of 2nd period - Wrist shot by Pavel Datsyuk.
6:50 of 2nd period - Shot Misses the Net.
7:24 of 2nd period - Slapshot by Aaron Ekblad.
7:24 of 2nd period - Stopped by Ilya Sorokin without a rebound.
7:25 of 2nd period - William Karlsson wins face-off versus Matthew Lombardi in Flyers zone.
8:14 of 2nd period - Off-side.
8:15 of 2nd period - Niclas Bergfors wins face-off versus Nathan MacKinnon in neutral zone.
9:14 of 2nd period - Snap shot by Mikko Rantanen.
9:14 of 2nd period - Stopped by Ilya Sorokin with a rebound.
9:16 of 2nd period - Slapshot by Will Butcher.
9:16 of 2nd period - Shot Blocked by Jacob Trouba.
9:18 of 2nd period - Snap shot by Mikko Rantanen.
9:18 of 2nd period - Shot Misses the Net.
9:20 of 2nd period - Wrist shot by Nathan MacKinnon.
9:20 of 2nd period - Stopped by Ilya Sorokin without a rebound.
9:21 of 2nd period - Anze Kopitar wins face-off versus Jordan Nolan in Flyers zone.
9:22 of 2nd period - Snap shot by David Pastrnak.
9:22 of 2nd period - Stopped by Ilya Sorokin with a rebound.
9:25 of 2nd period - Icing by Brian Lashoff.
9:26 of 2nd period - Jordan Nolan wins face-off versus Anze Kopitar in Flyers zone.
9:26 of 2nd period - Jordan Nolan is hit by Jared Cowen.
10:47 of 2nd period - Off-side.
10:48 of 2nd period - Jeff Carter wins face-off versus Anze Kopitar in neutral zone.
11:03 of 2nd period - Slapshot by Seth Jones.
11:03 of 2nd period - Shot Blocked by Nathan Beaulieu.
11:05 of 2nd period - Wrist shot by David Pastrnak.
11:05 of 2nd period - Deflect By Gabriel Landeskog.
11:05 of 2nd period - Stopped by Ilya Sorokin without a rebound.
11:06 of 2nd period - Jordan Nolan wins face-off versus Pavel Datsyuk in Flyers zone.
11:06 of 2nd period - Jordan Nolan is hit by Tom Wilson.
11:13 of 2nd period - Minor Penalty to Tom Wilson for Tripping.
11:14 of 2nd period - Jordan Nolan wins face-off versus Luke Glendening in Kings zone.
12:15 of 2nd period - Icing by J.T. Miller.
12:16 of 2nd period - Jordan Nolan wins face-off versus Luke Glendening in Flyers zone.
12:51 of 2nd period - Slapshot by John Carlson.
12:51 of 2nd period - Stopped by Ilya Sorokin with a rebound.
13:13 of 2nd period - Penalty to Tom Wilson is over, Tom Wilson is back on ice.
13:27 of 2nd period - Slapshot by Marcus Kruger.
13:27 of 2nd period - Stopped by Andrei Vasilevskiy with a rebound.
13:41 of 2nd period - Wrist shot by Matthew Lombardi.
13:41 of 2nd period - Stopped by Andrei Vasilevskiy with a rebound.
13:43 of 2nd period - Wrist shot by Brock Nelson.
13:43 of 2nd period - Stopped by Andrei Vasilevskiy with a rebound.
15:32 of 2nd period - Wrist shot by Drew Miller.
15:32 of 2nd period - Stopped by Andrei Vasilevskiy with a rebound.
15:44 of 2nd period - Jacob Trouba is hit by Derek Boogaard and loses puck.
16:49 of 2nd period - Snap shot by Jordan Nolan.
16:49 of 2nd period - Stopped by Andrei Vasilevskiy without a rebound.
16:50 of 2nd period - Jordan Nolan wins face-off versus Pavel Datsyuk in Kings zone.
16:53 of 2nd period - Snap shot by Jakub Voracek.
16:53 of 2nd period - Stopped by Andrei Vasilevskiy without a rebound.
16:54 of 2nd period - Jordan Nolan wins face-off versus Pavel Datsyuk in Kings zone.
17:01 of 2nd period - Wrist shot by Jordan Nolan.
17:01 of 2nd period - Shot Blocked by Seth Jones.
18:10 of 2nd period - Slapshot by Derek Boogaard.
18:10 of 2nd period - Deflect By Nathan MacKinnon.
18:10 of 2nd period - Stopped by Ilya Sorokin without a rebound.
18:11 of 2nd period - Jeff Carter wins face-off versus Anze Kopitar in Flyers zone.
18:28 of 2nd period - Snap shot by Drew Miller.
18:28 of 2nd period - Deflect By Niclas Bergfors.
18:28 of 2nd period - Shot Misses the Net.
18:28 of 2nd period - Puck is out of play.
18:29 of 2nd period - Pavel Datsyuk wins face-off versus Jordan Nolan in Kings zone.
18:37 of 2nd period - Icing by Jacob Trouba.
18:38 of 2nd period - Jordan Nolan wins face-off versus Pavel Datsyuk in Flyers zone.
18:43 of 2nd period - Jakub Voracek is hit by Tom Wilson and loses puck.
18:52 of 2nd period - Matt Martin is hit by J.T. Miller and loses puck.
19:05 of 2nd period - Slapshot by Jordan Nolan.
19:05 of 2nd period - Stopped by Andrei Vasilevskiy with a rebound.
19:07 of 2nd period - Snap shot by Jordan Nolan.
19:07 of 2nd period - Stopped by Andrei Vasilevskiy without a rebound.
19:08 of 2nd period - Anze Kopitar wins face-off versus Jeff Carter in Kings zone.
19:25 of 2nd period - Snap shot by Jeff Carter.
19:25 of 2nd period - Stopped by Andrei Vasilevskiy with a rebound.
19:43 of 2nd period - Snap shot by Travis Zajac.
19:43 of 2nd period - Stopped by Andrei Vasilevskiy without a rebound.
19:43 of 2nd period - Minor Penalty to Andrei Vasilevskiy for Delaying the game.
19:44 of 2nd period - Anze Kopitar wins face-off versus Jordan Nolan in Kings zone.
19:44 of 2nd period - Anze Kopitar is hit by Jordan Nolan.
Goals for this period are 1 for Kings vs 1 for Flyers.
Shots for this period are 12 for Kings vs 15 for Flyers.
3rd period
0:01 of 3rd period - Jordan Nolan wins face-off versus Anze Kopitar in neutral zone.
1:27 of 3rd period - Drew Miller is hit by Jared Cowen.
1:43 of 3rd period - Penalty to Derek Boogaard is over, Derek Boogaard is back on ice.
2:13 of 3rd period - Aaron Ekblad is hit by Brock Nelson and loses puck.
2:28 of 3rd period - Drew Miller is hit by Eric Gryba and loses puck.
3:09 of 3rd period - Jared Cowen is hit by Tyler Randell and loses puck.
3:20 of 3rd period - Jeff Woywitka is hit by Matt Martin and loses puck.
3:39 of 3rd period - Slapshot by Niclas Bergfors.
3:39 of 3rd period - Shot Blocked by Anze Kopitar.
3:41 of 3rd period - Snap shot by Drew Miller.
3:41 of 3rd period - Shot Misses the Net.
3:45 of 3rd period - Slapshot by Niclas Bergfors.
3:45 of 3rd period - Deflect By Drew Miller.
3:45 of 3rd period - Stopped by Andrei Vasilevskiy with a rebound.
3:55 of 3rd period - Wrist shot by Anze Kopitar.
3:55 of 3rd period - Stopped by Ilya Sorokin with a rebound.
3:57 of 3rd period - Slapshot by Aaron Ekblad.
3:57 of 3rd period - Deflect By Byron Bitz.
3:57 of 3rd period - Shot Blocked by Jonathan Ericsson.
3:57 of 3rd period - Puck is out of play.
3:58 of 3rd period - Marcus Kruger wins face-off versus William Karlsson in Flyers zone.
4:16 of 3rd period - Wrist shot by Chris Mcallister.
4:16 of 3rd period - Stopped by Andrei Vasilevskiy with a rebound.
4:18 of 3rd period - Snap shot by Travis Zajac.
4:18 of 3rd period - Shot Misses the Net.
4:20 of 3rd period - Slapshot by Brian Lashoff.
4:20 of 3rd period - Shot Blocked by Jared Cowen.
4:22 of 3rd period - Snap shot by Brian Lashoff.
4:22 of 3rd period - Stopped by Andrei Vasilevskiy with a rebound.
4:24 of 3rd period - Slapshot by Chris Mcallister.
4:24 of 3rd period - Stopped by Andrei Vasilevskiy without a rebound.
4:25 of 3rd period - Anze Kopitar wins face-off versus Jordan Nolan in Kings zone.
4:59 of 3rd period - Wrist shot by Matt Martin.
4:59 of 3rd period - Stopped by Ilya Sorokin without a rebound.
5:00 of 3rd period - Jeff Carter wins face-off versus Pavel Datsyuk in Flyers zone.
5:07 of 3rd period - Wrist shot by Niclas Bergfors.
5:07 of 3rd period - Goal by Niclas Bergfors - Kings : 1 - Flyers : 3.
5:08 of 3rd period - Gabriel Landeskog wins face-off versus Jordan Nolan in neutral zone.
5:19 of 3rd period - Slapshot by Jeff Woywitka.
5:19 of 3rd period - Shot Misses the Net.
5:43 of 3rd period - Snap shot by Drew Miller.
5:43 of 3rd period - Shot Misses the Net.
5:45 of 3rd period - Wrist shot by Niclas Bergfors.
5:45 of 3rd period - Stopped by Andrei Vasilevskiy with a rebound.
5:47 of 3rd period - Slapshot by Jacob Trouba.
5:47 of 3rd period - Stopped by Andrei Vasilevskiy with a rebound.
6:00 of 3rd period - Slapshot by Jeff Carter.
6:00 of 3rd period - Shot Misses the Net.
6:14 of 3rd period - Slapshot by Jeff Carter.
6:14 of 3rd period - Stopped by Andrei Vasilevskiy with a rebound.
6:16 of 3rd period - Slapshot by Jeff Woywitka.
6:16 of 3rd period - Stopped by Andrei Vasilevskiy with a rebound.
6:18 of 3rd period - Snap shot by Jeff Carter.
6:18 of 3rd period - Shot Blocked by John Carlson.
6:20 of 3rd period - Slapshot by Niclas Bergfors.
6:20 of 3rd period - Stopped by Andrei Vasilevskiy without a rebound.
6:21 of 3rd period - Anze Kopitar wins face-off versus Jordan Nolan in Kings zone.
6:21 of 3rd period - Anze Kopitar is hit by J.T. Miller.
6:51 of 3rd period - Snap shot by Marcus Kruger.
6:51 of 3rd period - Shot Misses the Net.
6:53 of 3rd period - Slapshot by Chris Mcallister.
6:53 of 3rd period - Shot Blocked by Derek Boogaard.
6:55 of 3rd period - Slapshot by Nathan Beaulieu.
6:55 of 3rd period - Shot Blocked by Mikko Rantanen.
6:55 of 3rd period - Mikko Rantanen from Kings is injured at 6:55 of 3rd period (Abdominal Strain).
6:56 of 3rd period - David Pastrnak wins face-off versus Jordan Nolan in Kings zone.
7:03 of 3rd period - Wrist shot by David Pastrnak.
7:03 of 3rd period - Shot Misses the Net.
7:13 of 3rd period - John Carlson is hit by Jacob Trouba.
8:10 of 3rd period - Snap shot by William Karlsson.
8:10 of 3rd period - Stopped by Ilya Sorokin without a rebound.
8:11 of 3rd period - Nathan MacKinnon wins face-off versus Matthew Lombardi in Flyers zone.
8:14 of 3rd period - Wrist shot by Derek Boogaard.
8:14 of 3rd period - Shot Misses the Net.
8:24 of 3rd period - Snap shot by Nathan MacKinnon.
8:24 of 3rd period - Deflect By Matt Smaby.
8:24 of 3rd period - Stopped by Ilya Sorokin with a rebound.
8:40 of 3rd period - Slapshot by Matt Martin.
8:40 of 3rd period - Shot Blocked by J.T. Miller.
9:58 of 3rd period - Icing by Matt Martin.
9:59 of 3rd period - Jordan Nolan wins face-off versus Pavel Datsyuk in Kings zone.
10:02 of 3rd period - Snap shot by Jakub Voracek.
10:02 of 3rd period - Shot Misses the Net.
10:27 of 3rd period - Snap shot by Matt Martin.
10:27 of 3rd period - Shot Misses the Net.
11:22 of 3rd period - Minor Penalty to Jacob Trouba for Hooking.
11:23 of 3rd period - Nathan MacKinnon wins face-off versus Jordan Nolan in Flyers zone.
11:59 of 3rd period - Slapshot by John Carlson.
11:59 of 3rd period - Stopped by Ilya Sorokin without a rebound.
12:00 of 3rd period - Jeff Carter wins face-off versus Anze Kopitar in Flyers zone.
13:03 of 3rd period - Wrist shot by Brock Nelson.
13:03 of 3rd period - Deflect By Chris Mcallister.
13:03 of 3rd period - Shot Misses the Net.
13:03 of 3rd period - Puck is out of play.
13:04 of 3rd period - Jordan Nolan wins face-off versus Matt Martin in Kings zone.
13:22 of 3rd period - Penalty to Jacob Trouba is over, Jacob Trouba is back on ice.
13:34 of 3rd period - Backhand shot by Jakub Voracek.
13:34 of 3rd period - Stopped by Andrei Vasilevskiy with a rebound.
13:36 of 3rd period - Wrist shot by Jonathan Ericsson.
13:36 of 3rd period - Deflect By Jacob Trouba.
13:36 of 3rd period - Shot Misses the Net.
13:36 of 3rd period - Puck is out of play.
13:37 of 3rd period - William Karlsson wins face-off versus Niclas Bergfors in Kings zone.
13:37 of 3rd period - William Karlsson is hit by Drew Miller.
13:40 of 3rd period - John Carlson is hit by Jeff Carter and loses puck.
14:05 of 3rd period - Icing by Jonathan Ericsson.
14:06 of 3rd period - Anze Kopitar wins face-off versus Jordan Nolan in Flyers zone.
14:33 of 3rd period - Slapshot by Travis Zajac.
14:33 of 3rd period - Stopped by Andrei Vasilevskiy without a rebound.
14:34 of 3rd period - Travis Zajac wins face-off versus Pavel Datsyuk in Kings zone.
14:35 of 3rd period - Snap shot by Marcus Kruger.
14:35 of 3rd period - Stopped by Andrei Vasilevskiy with a rebound.
14:37 of 3rd period - Slapshot by Chris Mcallister.
14:37 of 3rd period - Stopped by Andrei Vasilevskiy with a rebound.
14:39 of 3rd period - Snap shot by Travis Zajac.
14:39 of 3rd period - Stopped by Andrei Vasilevskiy without a rebound.
14:40 of 3rd period - Travis Zajac wins face-off versus Pavel Datsyuk in Kings zone.
14:55 of 3rd period - Snap shot by Chris Mcallister.
14:55 of 3rd period - Shot Misses the Net.
14:57 of 3rd period - Wrist shot by Travis Zajac.
14:57 of 3rd period - Stopped by Andrei Vasilevskiy with a rebound.
15:06 of 3rd period - Slapshot by Nathan Beaulieu.
15:06 of 3rd period - Deflect By Marcus Kruger.
15:06 of 3rd period - Stopped by Andrei Vasilevskiy with a rebound.
15:12 of 3rd period - Slapshot by Travis Zajac.
15:12 of 3rd period - Stopped by Andrei Vasilevskiy with a rebound.
15:31 of 3rd period - Snap shot by Travis Zajac.
15:31 of 3rd period - Shot Blocked by Aaron Ekblad.
15:41 of 3rd period - Slapshot by Seth Jones.
15:41 of 3rd period - Stopped by Ilya Sorokin without a rebound.
15:42 of 3rd period - Jakub Voracek wins face-off versus Nathan MacKinnon in Flyers zone.
15:42 of 3rd period - Jakub Voracek is hit by Anze Kopitar.
15:50 of 3rd period - Slapshot by John Carlson.
15:50 of 3rd period - Stopped by Ilya Sorokin without a rebound.
15:51 of 3rd period - Jordan Nolan wins face-off versus Nathan MacKinnon in Flyers zone.
15:56 of 3rd period - Nathan MacKinnon is hit by Jacob Trouba and loses puck.
16:03 of 3rd period - Snap shot by J.T. Miller.
16:03 of 3rd period - Shot Misses the Net.
16:17 of 3rd period - Snap shot by J.T. Miller.
16:17 of 3rd period - Shot Misses the Net.
16:19 of 3rd period - Slapshot by Jacob Trouba.
16:19 of 3rd period - Shot Hit the Post.
16:21 of 3rd period - Wrist shot by Jakub Voracek.
16:21 of 3rd period - Stopped by Andrei Vasilevskiy with a rebound.
16:23 of 3rd period - Snap shot by Jakub Voracek.
16:23 of 3rd period - Deflect By John Carlson.
16:23 of 3rd period - Shot Blocked by Nathan MacKinnon.
16:23 of 3rd period - Puck is out of play.
16:24 of 3rd period - Jeff Carter wins face-off versus William Karlsson in Kings zone.
16:31 of 3rd period - Wrist shot by Drew Miller.
16:31 of 3rd period - Stopped by Andrei Vasilevskiy without a rebound.
16:32 of 3rd period - Jeff Carter wins face-off versus William Karlsson in Kings zone.
16:38 of 3rd period - Wrist shot by Jeff Carter.
16:38 of 3rd period - Stopped by Andrei Vasilevskiy without a rebound.
16:39 of 3rd period - Nathan MacKinnon wins face-off versus Travis Zajac in Kings zone.
16:39 of 3rd period - Nathan MacKinnon is hit by Chris Mcallister.
16:44 of 3rd period - John Carlson is hit by Jeff Woywitka and loses puck.
17:05 of 3rd period - Chris Mcallister is hit by John Carlson and loses puck.
17:18 of 3rd period - Snap shot by Pavel Datsyuk.
17:18 of 3rd period - Shot Misses the Net.
17:28 of 3rd period - Backhand shot by Jeff Woywitka.
17:28 of 3rd period - Shot Hit the Post.
17:38 of 3rd period - Off-side.
17:39 of 3rd period - Nathan MacKinnon wins face-off versus Jordan Nolan in neutral zone.
17:58 of 3rd period - Anze Kopitar is hit by Jakub Voracek and loses puck.
18:33 of 3rd period - John Carlson is hit by Brian Lashoff and loses puck.
Goals for this period are 0 for Kings vs 1 for Flyers.
Shots for this period are 7 for Kings vs 21 for Flyers.